 Dungeon Crawl Stone Soup version 0.27-a0-1519-gc8121b24ce (webtiles) character file.

Game seed: 11193575136267070030

5347 Essalna the Zephyrmancer (level 10, 0/50 HPs)
             Began as a Tengu Air Elementalist on July 10, 2021.
             Was a Believer of Vehumet.
             Slain by a yak (15 damage)
             ... on level 9 of the Dungeon.
             The game lasted 00:19:19 (11279 turns).

Essalna the Zephyrmancer (Tengu Air Elementalist)  Turns: 11279, Time: 00:19:19

Health: 0/50       AC:  3    Str:  8    XL:     10   Next: 65%
Magic:  19/24      EV: 15    Int: 18    God:    Vehumet [**....]
Gold:   530        SH:  0    Dex: 16    Spells: 15/28 levels left

rFire    . . .     SeeInvis .   q - +2 trident (protect)
rCold    . . .     Faith    .   (no shield)
rNeg     . . .     Spirit   .   a - +0 robe
rPois    .         Reflect  .   (helmet restricted)
rElec    .         Harm     .   (no cloak)
rCorr    .         Rampage  .   e - +0 pair of gloves
Will     .....                  (boots unavailable)
Stlth    ++........             G - amulet of magic regeneration
HPRegen  0.16/turn              (no ring)
MPRegen  0.44/turn              (no ring)

@: flying quickly and evasively, quick
A: beak, talons 3, nimble flight
a: Renounce Religion


You were on level 9 of the Dungeon.
You worshipped Vehumet.
Vehumet was pleased with you.
You visited 2 branches of the dungeon, and saw 10 of its levels.

You collected 530 gold pieces.

Inventory:

Hand Weapons
 q - a +2 trident of protection (weapon)
Missiles
 w - 2 throwing nets
Armour
 a - a +0 robe (worn)
 e - a +0 pair of gloves (worn)
Jewellery
 g - an amulet of regeneration
 x - an amulet of magic regeneration
 G - an amulet of magic regeneration (around neck)
Wands
 p - a wand of iceblast (16)
 t - a wand of flame (8)
 y - a wand of paralysis (7)
Scrolls
 i - 3 scrolls of blinking {unknown}
 j - 2 scrolls of fear {unknown}
 k - a scroll of immolation {unknown}
 m - a scroll of identify {unknown}
 n - 2 scrolls of magic mapping {unknown}
 s - a scroll of brand weapon {unknown}
 u - a scroll of enchant armour {unknown}
 v - a scroll of enchant weapon {unknown}
 B - a scroll of vulnerability {unknown}
 C - 2 scrolls of teleportation
 E - 2 scrolls of amnesia {unknown}
 H - 2 scrolls of noise {unknown}
 J - a scroll of summoning {unknown}
 K - a scroll of acquirement {unknown}
Potions
 b - 2 potions of haste
 c - 2 potions of invisibility {unknown}
 d - 2 potions of attraction {unknown}
 f - a potion of ambrosia {unknown}
 h - a potion of resistance {unknown}
 l - a potion of flight {unknown}
 o - 3 potions of heal wounds {unknown}
 r - a potion of lignification {unknown}
 z - a potion of mutation {unknown}
 A - 2 potions of cancellation {unknown}
 D - a potion of degeneration {unknown}
 F - a potion of magic {unknown}
 I - a potion of might {unknown}


   Skills:
 - Level 2.1 Dodging
 - Level 2.0 Stealth
 + Level 9.9 Spellcasting
 - Level 1.3 Conjurations
 + Level 4.6 Fire Magic
 + Level 13.6 Air Magic


You had 15 spell levels left.
You knew the following spells:

 Your Spells              Type           Power      Damage    Failure   Level
a - Shock                 Conj/Air       100%       1d9       1%          1
b - Airstrike             Air            27%        N/A       1%          4
c - Ignition              Fire           12%        3d6       100%        8

Your spell library contained the following spells:

 Spells                   Type           Power      Damage    Failure   Level
 Magic Dart               Conj           52%        1d5       4%          1
 Poisonous Vapours        Pois/Air       66%        N/A       1%          2
 Static Discharge         Conj/Air       35%        N/A       1%          2
 Swiftness                Air            55%        N/A       1%          3
 Beastly Appendage        Tmut           16%        N/A       9%          1
 Pain                     Necr           32%        1d5       9%          1
 Sting                    Tmut/Pois      32%        1d4       9%          1
 Wereblood                Tmut           8%         N/A       12%         2
 Dazzling Flash           Conj/Hex       22%        N/A       19%         3
 Gell's Gravitas          Tloc           4%         N/A       24%         3
 Lesser Beckoning         Tloc           4%         N/A       24%         3
 Ozocubu's Armour         Ice            8%         N/A       24%         3
 Spider Form              Tmut/Pois      4%         N/A       24%         3
 Teleport Other           Tloc           8%         N/A       24%         3
 Conjure Ball Lightning   Conj/Air       17%        3x3d6     50%         6
 Iskenderun's Mystic Bla  Conj/Tloc      11%        2d4       52%         4
 Olgreb's Toxic Radiance  Pois           8%         N/A       63%         4
 Agony                    Necr           8%         N/A       92%         5
 Excruciating Wounds      Necr           4%         N/A       92%         5
 Starburst                Conj/Fire      9%         8x6d5     98%         6
 Ozocubu's Refrigeration  Ice            4%         4d5       100%        7
 Discord                  Hex            4%         N/A       100%        8
 Disjunction              Tloc           4%         N/A       100%        8


Dungeon Overview and Level Annotations

Branches:
Dungeon (9/15)             Temple (1/1) D:6
   Lair: D:8-11         Orc: D:9-12

Altars:
Cheibriados
Dithmenos
Elyvilon
Fedhas
Gozag
Hepliaklqana
Kikubaaqudgha
Makhleb
Okawaru
Qazlal
Ru
Sif Muna
Trog
Uskayaw
Vehumet
Wu Jian
Xom
Zin
The Shining One
Beogh
Lugonu

Shops:
D:8 !   D:9 ??

Annotations:
D:9 Joseph


Innate Abilities, Weirdness & Mutations

You have a beak for a mouth.
You have claws for feet.
Your magical nature lets you fly swiftly and evasively.


Message History

The yak is almost dead.
The zap hits the yak!
The yak is almost dead.
The zap hits the yak.
The yak is moderately wounded.
The yak gores you but does no damage.
Casting: Shock (safe; 1% risk of failure)
Confirm with . or Enter, or press ? or * to list all spells.
Aiming: Shock (safe; 1% risk of failure)
Press: ? - help, Shift-Dir - straight line, f/p - yak
Aim: a yak (almost dead, 84% to hit)
The zap hits the yak.
The yak is almost dead.
The zap hits the yak.
The yak is almost dead.
The yak closely misses you.
Casting: Shock (safe; 1% risk of failure)
Confirm with . or Enter, or press ? or * to list all spells.
Aiming: Shock (safe; 1% risk of failure)
Press: ? - help, Shift-Dir - straight line, f/p - yak
Aim: a yak (almost dead, 84% to hit)
The zap hits the yak.
The yak is almost dead.
The zap hits the yak!
You kill the yak!
Vehumet accepts your kill. The yak closely misses you.
Casting: Shock (safe; 1% risk of failure)
Confirm with . or Enter, or press ? or * to list all spells.
Aiming: Shock (safe; 1% risk of failure)
Press: ? - help, Shift-Dir - straight line, f/p - yak
Aim: a yak (almost dead, 84% to hit)
The zap hits the yak.
You kill the yak!
Vehumet accepts your kill.
You feel your power returning.
The zap hits the yak but does no damage.
The yak is lightly wounded.
The yak gores you!
You die...

######........#.# #.# #.#
###....#.#...# #.## #.#
#............# ##..#####.##
#...####..##.# #.Y........#
#...##.....#.###.#.#..#####
#...##.###.#.##.......#
#...##.###.#.##..#.#..#
#..........#.##.......#
#.#.#.#.#....@Y..####.#
#............########.#
#.#.#.#.#...>.........#
#..........#.##########
#.#.#.#.#..#..........#
#..........#.########.#
#.#.#.#.#..#.......<#∩#
#..........#.......##.#
########.#.#.#.#.#..#.#


You could see a yak.

Vanquished Creatures
  A manticore (D:6)
  9 yaks
  2 water moccasins
  2 ice beasts (D:7)
  A black bear (D:8)
  6 orc warriors
  A sky beast (D:6)
  2 necrophages (D:6)
  3 ogres
  2 centaurs (D:8)
  A phantom (D:5)
  2 bullfrogs
  A scorpion (D:7)
  2 wyvern skeletons
  A water moccasin skeleton (D:5)
  3 killer bees (D:9)
  12 wights
  2 howler monkeys (D:5)
  A crimson imp (D:6)
  3 hounds
  5 orc priests
  3 centaur zombies
  A jelly (D:7)
  A centaur skeleton (D:6)
  An iron imp (D:5)
  An iguana (D:7)
  8 orc wizards
  Natasha (thrice) (D:2)
  3 gnolls (D:5)
  7 adders
  A shadow imp (D:7)
  2 white imps
  An ufetubus (D:6)
  An adder skeleton (D:4)
  A worm (D:2)
  40 orcs
  6 endoplasms
  2 giant cockroaches
  5 goblins
  7 hobgoblins
  2 jackals (D:1)
  4 kobolds
  A quokka (D:1)
  4 ball pythons
  7 bats
  4 frilled lizards
  5 rats
183 creatures vanquished.

Vanquished Creatures (others)
  4 bushes (D:9)
4 creatures vanquished.

Grand Total: 187 creatures vanquished

Notes
Turn   | Place    | Note
-------+----------+-------------------------------------------
     0 | D:1      | Essalna the Tengu Air Elementalist began the quest for the
                  | Orb.
     0 | D:1      | Reached XP level 1. HP: 10/10 MP: 4/4
   345 | D:1      | Reached XP level 2. HP: 14/15 MP: 1/6
   659 | D:1      | Found a faded altar of an unknown god.
  1201 | D:2      | Reached XP level 3. HP: 17/19 MP: 0/8
  1374 | D:2      | Reached skill level 5 in Air Magic
  1524 | D:2      | You fall into a shaft and drop 2 floors!
  1769 | D:3      | Reached XP level 4. HP: 22/24 MP: 4/9
  1995 | D:2      | Noticed Natasha
  2001 | D:2      | Killed Natasha
  2104 | D:2      | Gained mutation: Your magical nature lets you fly swiftly
                  | and evasively. [Tengu growth]
  2104 | D:2      | Reached XP level 5. HP: 28/28 MP: 2/11
  2199 | D:2      | Noticed Natasha
  2205 | D:2      | Killed Natasha
  2206 | D:2      | Reached skill level 6 in Air Magic
  2262 | D:2      | Learned a level 4 spell: Airstrike
  2438 | D:2      | Noticed Natasha
  2441 | D:2      | Killed Natasha
  3652 | D:4      | Reached XP level 6. HP: 32/32 MP: 4/13
  3833 | D:4      | Reached skill level 7 in Air Magic
  3992 | D:4      | Found a hazy altar of Hepliaklqana.
  3993 | D:4      | Found a shimmering altar of Xom.
  3994 | D:4      | Noticed a spectral ugly thing
  4479 | D:4      | Found a blossoming altar of Fedhas.
  4620 | D:5      | Entered Level 5 of the Dungeon
  4620 | D:5      | Noticed a water moccasin
  4739 | D:5      | Reached XP level 7. HP: 30/36 MP: 2/15
  4846 | D:5      | Reached skill level 5 in Spellcasting
  4854 | D:5      | Reached skill level 8 in Air Magic
  5216 | D:5      | Reached skill level 9 in Air Magic
  5321 | D:5      | Found a hide-covered altar of Uskayaw.
  5392 | D:5      | Reached XP level 8. HP: 41/41 MP: 12/18
  5775 | D:5      | Found a snail-covered altar of Cheibriados.
  6028 | D:6      | Noticed a manticore
  6261 | D:6      | Killed a manticore
  6262 | D:6      | Reached skill level 10 in Air Magic
  6449 | D:6      | Found a staircase to the Ecumenical Temple.
  6469 | Temple   | Entered the Ecumenical Temple
  6673 | D:6      | Reached XP level 9. HP: 45/45 MP: 7/21
  6775 | D:6      | Reached skill level 11 in Air Magic
  6808 | D:6      | Found a burning altar of Makhleb.
  6930 | D:6      | Found a radiant altar of Vehumet.
  6948 | D:6      | Became a worshipper of Vehumet
  7304 | D:6      | Found a white marble altar of Elyvilon.
  7441 | D:7      | Reached skill level 12 in Air Magic
  8537 | D:7      | Got the Papyrus of Spatial Heat
  8558 | D:7      | Learned a level 8 spell: Ignition
  8579 | D:7      | Reached skill level 1 in Fire Magic
  8579 | D:7      | Reached XP level 10. HP: 50/50 MP: 1/24
  8861 | D:7      | Reached * piety under Vehumet
  8861 | D:7      | Offered knowledge of Foxfire by Vehumet.
  9441 | D:8      | Reached skill level 13 in Air Magic
  9842 | D:8      | Found an opulent altar of Gozag.
 10189 | D:8      | Offered knowledge of Magic Dart by Vehumet.
 10221 | D:7      | Reached ** piety under Vehumet
 10442 | D:8      | Found Elalushiusea's Distillery.
 10826 | D:8      | Found a glowing golden altar of the Shining One.
 10995 | D:9      | Found Zadghejum's Magic Scroll Shop.
 11045 | D:9      | Found Lietaeq's Magic Scroll Shoppe.
 11049 | D:9      | Noticed Joseph
 11279 | D:9      | Slain by a yak

Illustrated notes

Levels and vault maps discovered:
D:1:      minmay_arrival_arboretum_large, layout_loops_ring,
          hellmonk_ecumenical_altar_inner_sanctum
D:2:      layout_loops_cross, kennysheep_potato, uniq_natasha
D:3:      layout_basic, serial_co_window_serial, co_window_paths_a,
          co_window_of_opportunity_a, co_window_of_opportunity_a,
          co_window_of_opportunity_a, co_window_corner_a, co_window_broadway_c,
          co_window_cross_2, co_window_cross_3, co_window_corner_b,
          co_window_2corner, co_window_unsneaky_path_e, co_window_4corner_b,
          glass_columns_a, glass_columns_c, glass_columns_c, glass_columns_a,
          glass_columns_b
D:4:      layout_loops_ring, regret_index_temple_of_mockery,
          mainiacjoe_overflow_catwalk, kennysheep_orc_chapel
D:5:      layout_rooms, slow_altar_1, nicolae_uskayaw_suspiria,
          serial_corexii_hall, corexii_hall_statues_i, chequers_hall_statues_y
D:6:      layout_rooms, elyvilon_altar_5, makhleb_grotto_becter,
          nicolae_vehumet_radiance, minmay_temple_entry_stoned_glass
D:7:      layout_loops_ring
D:8:      layout_basic, mainiacjoe_overflow_surrounded_room,
          mainiacjoe_overflow_alcove_2, special_room [special_room_orc],
          nicolae_take_the_stairs
D:9:      minmay_the_grid_3x3 [minmay_the_grid_odd_star, minmay_the_grid_garden,
          minmay_the_grid_zigzag_pyramid, minmay_the_grid_minigrid_small,
          minmay_the_grid_minigrid_small_alt, minmay_the_grid_paths,
          minmay_the_grid_tree, minmay_the_grid_medium_cups,
          minmay_the_grid_prize_four_corners], layout_basic,
          kennysheep_mini_moat, nicolae_overflow_hidden_temple, david_orc_5,
          serial_glass, glass_columns_a, glass_columns_c, glass_columns_b,
          glass_columns_a, serial_shops, shop, serial_park_tiny_2,
          nicolae_take_the_stairs, uniq_joseph, uniq_grum
Temple:   kb_corrupted_temple

Skill      XL: |  1  2  3  4  5  6  7  8  9 10 |
---------------+-------------------------------+-----
Air Magic      | 5 6 7 9 10 12 13 | 13.6
Spellcasting   | 3 4 6 7 9 |  9.9
Fire Magic     | 1 4 |  4.6
Dodging        | |  2.1
Stealth        | |  2.0
Conjurations   | |  1.3

Action                   |  1- 3 |  4- 6 |  7- 9 | 10-12 || total
-------------------------+-------+-------+-------+-------++-------
Melee: Unarmed           |     5 |       |       |       ||     5
       Kick              |     1 |     1 |     3 |     1 ||     6
       Trident           |       |     6 |    25 |    11 ||    42
       Peck              |       |     2 |     3 |     1 ||     6
 Cast: Shock             |    81 |   115 |    98 |    19 ||   313
       Airstrike         |       |     6 |    84 |    81 ||   171
  Use: Scroll            |       |     1 |       |       ||     1
 Stab: Sleeping          |       |     2 |       |       ||     2
Armor: Robe              |     8 |     5 |    11 |     4 ||    28
Dodge: Dodged            |    22 |    26 |    48 |    19 ||   115

Table legend: (Time is in decaauts)
 A = Elapsed time spent in this place.
 B = Non-inter-level travel time spent in this place.
 C = Inter-level travel time spent in this place.
 D = Time resting spent in this place.
 E = Time spent auto-exploring this place.
 F = Levels seen in this place.
 G = Mean time per level.
                   A        B        C        D        E       F      G
               +--------+--------+--------+--------+--------+-----+--------+
         Total |  10881 |  10583 |    298 |    932 |   8387 |  10 | 1088.1 |
       Dungeon |  10698 |  10416 |    282 |    932 |   8223 |   9 | 1188.7 |
        Temple |    182 |    166 |     16 |      0 |    164 |   1 |  182.0 |
               +--------+--------+--------+--------+--------+-----+--------+

Top non-repeatable levels by time:
     D:5: 1672 daAuts
     D:7: 1629 daAuts
     D:8: 1401 daAuts
     D:6: 1236 daAuts
     D:2: 1201 daAuts
     D:1: 1186 daAuts
     D:3: 1130 daAuts
     D:4: 954 daAuts
     D:9: 284 daAuts
  Temple: 182 daAuts
